 Dungeon Crawl Stone Soup version 0.23.1 (webtiles) character file.

Game seed: 1310765356076054741

1603 Borgoz the Sneak (level 8, -1/67 HPs)
             Began as a Ghoul Assassin on Mar 7, 2019.
             Slain by a goblin
             ... wielding a +0 hand axe
              (4 damage)
             ... in a bailey on Mar 8, 2019.
             The game lasted 00:13:39 (7799 turns).

Borgoz the Sneak (Ghoul Assassin)                   Turns: 7799, Time: 00:13:40

Health: -1/67      AC: 10    Str: 15    XL:     8   Next: 94%
Magic:  7/7        EV: 14    Int: 13    God:
Gold:   417        SH:  0    Dex: 13    Spells: 7/7 levels left

rFire    . . .     SeeInvis .   a - +2 dagger
rCold    + . .     Gourm    .   (no shield)
rNeg     + + +     Faith    .   r - +0 troll leather armour
rPois    ∞         Spirit   .   j - +2 hat
rElec    .         Reflect  .   d - +1 cloak
rCorr    .         Harm     .   (no gloves)
MR       .....                  l - +0 pair of boots
Stlth    +++.......             (no amulet)
HPRegen  0.00/turn              w - +5 ring of intelligence
MPRegen  0.10/turn              y - +3 ring of dexterity

@: rotting
A: rotting body, claws 1, carnivore, cold resistance 1, negative energy
resistance 3, inhibited regeneration, torment resistance, unbreathing
a: no special abilities


You were in a bailey.
You were not hungry.

You visited 1 branch of the dungeon, and saw 7 of its levels.
You also visited: Bailey.

You collected 417 gold pieces.

Inventory:

Hand Weapons
 a - a +2 dagger (weapon)
 b - a +1 blowgun
Missiles
 e - 16 poisoned needles
 f - 2 curare-tipped needles
 i - 2 tomahawks (quivered)
Armour
 d - a +1 cloak (worn)
 j - a +2 hat (worn)
 l - a +0 pair of boots (worn)
 r - a +0 troll leather armour (worn)
Jewellery
 s - an uncursed amulet of faith
 v - an uncursed amulet of harm
 w - a +5 ring of intelligence (left claw)
 y - a +3 ring of dexterity (right claw)
Wands
 h - a wand of flame (3)
 m - a wand of random effects (9)
 q - a wand of iceblast (6)
Scrolls
 n - 2 scrolls of enchant weapon
 p - a scroll of teleportation {unknown}
 x - a scroll of brand weapon {unknown}
Potions
 o - a potion of flight
Comestibles
 g - 8 rations


   Skills:
 + Level 4.6 Fighting
 * Level 5.2 Short Blades
 - Level 1.7 Throwing
 * Level 4.8 Armour
 * Level 5.0 Dodging
 + Level 6.2 Stealth


You had 7 spell levels left.
You didn't know any spells.
Your spell library was empty.

Dungeon Overview and Level Annotations

Branches:
Dungeon (7/15)             Temple (0/1) D:7

Altars:
Cheibriados
Dithmenos
Fedhas
Gozag
Okawaru
Xom
Yredelemnul
Zin
Beogh

Shops:
D:6 %

Annotations:
D:5 3 runed translucent doors, Aston's ghost, novice MfIE


Innate Abilities, Weirdness & Mutations

Your body is rotting away.
You thrive on raw meat.
You are immune to poison.
You have sharp fingernails.
You are carnivorous and can eat meat at any time.
Your flesh is cold resistant. (rC+)
You are immune to negative energy. (rN+++)
You do not regenerate when monsters are visible.
You are immune to unholy pain and torment.
You can survive without breathing.


Message History

You hit the gnoll but do no damage.
The gnoll is almost dead.
The gnoll misses you.
You hit the gnoll.
The gnoll is almost dead.
You hit the gnoll but do no damage.
The gnoll is almost dead.
The gnoll hits you with a +0 hand axe.
* * * LOW HITPOINT WARNING * * *
You completely miss the gnoll.
The gnoll is almost dead.
The gnoll closely misses you.
You hit the gnoll.
You kill the gnoll!
You hit the goblin but do no damage.
The goblin seems to regain its courage.
The goblin hits you but does no damage. The gnoll hits you with a +0 war axe!
* * * LOW HITPOINT WARNING * * *
The goblin hits you with a +0 hand axe.
You die...

###.....###♣♣♣....♣
##.........##......♣♣
#...........#.......♣
#...........'.......♣♣
#....)⌠.....'..∩.∩...♣
#....)......'........♣
#....)......#.......♣♣
###..g......##.......♣
###.###)@...###♣......♣♣
#.....#g#.### ♣♣♣♣.♣♣♣
.g...ogo### ♣♣♣
....g....# ......o..#
...⌠.....# o........#
.........# ........##


You could see an orc warrior, a gnoll, 2 orcs, a hobgoblin and 2 goblins.

Vanquished Creatures
  An ice beast (D:6)
  4 phantoms
  2 ogres
  Blork the orc (D:6)
  A bullfrog (D:6)
  2 scorpions
  A centaur zombie (D:6)
  2 hounds (D:4)
  2 orc priests
  A jelly (D:6)
  2 bullfrog skeletons
  2 iguanas (D:5)
  An orc wizard (D:2)
  6 worker ants
  A hound skeleton (D:7)
  A hound zombie (D:6)
  9 adders
  7 gnolls
  A shadow imp (D:5)
  3 oozes
  An adder skeleton (D:5)
  2 worms (D:2)
  A dart slug (D:3)
  14 orcs
  A ball python (D:4)
  4 giant cockroaches
  10 goblins
  7 hobgoblins
  4 jackals
  3 quokkas
  5 bats
  7 frilled lizards
  A jackal skeleton (D:4)
  5 kobolds
  A quokka skeleton (D:6)
  8 rats
  A spectral orc (D:5)
125 creatures vanquished.

Notes
Turn   | Place    | Note
-------+----------+-------------------------------------------
     0 | D:1      | Borgoz the Ghoul Assassin began the quest for the Orb.
     0 | D:1      | Reached XP level 1. HP: 17/17 MP: 0/0
    94 | D:1      | Reached skill level 1 in Dodging
   162 | D:1      | Reached XP level 2. HP: 8/25 MP: 1/1
   261 | D:1      | Found a snail-covered altar of Cheibriados.
   945 | D:2      | Reached skill level 1 in Armour
   945 | D:2      | Reached XP level 3. HP: 29/29 MP: 2/2
  1052 | D:2      | Reached XP level 4. HP: 20/36 MP: 3/3
  1558 | D:2      | Found an opulent altar of Gozag.
  1559 | D:2      | Found a blossoming altar of Fedhas.
  1636 | D:2      | Found a shimmering altar of Xom.
  1805 | D:2      | Found a snail-covered altar of Cheibriados.
  1806 | D:2      | Found a shadowy altar of Dithmenos.
  1919 | D:2      | Reached XP level 5. HP: 32/44 MP: 4/4
  2870 | D:3      | Reached skill level 5 in Stealth
  2951 | D:3      | Reached XP level 6. HP: 51/51 MP: 5/5
  3235 | D:4      | Noticed a phantom
  4017 | D:4      | Noticed a phantom
  4092 | D:4      | Killed a phantom
  4314 | D:4      | Reached XP level 7. HP: 43/57 MP: 6/6
  5170 | D:5      | Entered Level 5 of the Dungeon
  5492 | D:5      | HP: 2/57 [phantom (5)]
  5495 | D:5      | Reached XP level 8. HP: 35/66 MP: 7/7
  5796 | D:5      | Found a basalt altar of Yredelemnul.
  6009 | D:5      | Found a glowing silver altar of Zin.
  6439 | D:5      | Found a runed translucent gate.
  6439 | D:5      | Found a runed translucent gate.
  6439 | D:5      | Found a runed translucent gate.
  6439 | D:5      | Noticed Aston's ghost (novice MfIE)
  6441 | D:5      | Identified the +6 chain mail "Meblin Laa" {Str+3 Int+3}
  6442 | D:5      | Found a roughly hewn altar of Beogh.
  6560 | D:6      | Noticed Blork the orc
  6613 | D:6      | Killed Blork the orc
  7010 | D:6      | Found a glowing silver altar of Zin.
  7034 | D:6      | Found Muirrane's Food Boutique.
  7206 | D:6      | Found an iron altar of Okawaru.
  7228 | D:6      | Reached skill level 6 in Stealth
  7522 | D:6      | Reached skill level 5 in Short Blades
  7617 | D:7      | Found a flagged portal.
  7668 | Bailey   | Entered a bailey
  7753 | Bailey   | Reached skill level 5 in Dodging
  7799 | Bailey   | HP: 3/67 [gnoll/+0 war axe (8)]
  7799 | Bailey   | Slain by a goblin

Skill      XL: |  1  2  3  4  5  6  7  8 |
---------------+-------------------------+-----
Dodging        | 1 2 3 4 5 |  5.0
Short Blades   | 2 3 4 5 |  5.2
Armour         | 1 2 3 4 |  4.8
Fighting       | 3 4 |  4.6
Stealth        | 5 6 |  6.2
Throwing       | |  1.7

Action                   |  1- 3 |  4- 6 |  7- 9 || total
-------------------------+-------+-------+-------++-------
Melee: Dagger            |    68 |   381 |   598 ||  1047
  Use: Potion            |       |     1 |     9 ||    10
       Scroll            |       |     4 |    13 ||    17
 Stab: Sleeping          |     6 |     1 |     4 ||    11
  Eat: Chunk             |     4 |    13 |    18 ||    35
Armor: Robe              |     5 |       |       ||     5
       Leather armour    |     9 |    95 |    59 ||   163
       Troll leather arm |       |       |    52 ||    52
Dodge: Dodged            |    32 |   222 |   329 ||   583
